 Dungeon Crawl Stone Soup version 0.28-b1-25-g9875b3fc8c (webtiles) character file.

Game seed: 1372639921802533945

113 crazypyro the Covered (level 4, -4/40 HPs)
             Began as a Minotaur Fighter on Feb 1, 2022.
             Killed from afar by Sigmund (8 damage)
             ... with a puff of flame
             ... on level 3 of the Dungeon.
             The game lasted 00:02:20 (2174 turns).

crazypyro the Covered (Minotaur Fighter)            Turns: 2174, Time: 00:02:20

Health: -4/40      AC: 12    Str: 20    XL:     4   Next: 65%
Magic:  3/3        EV:  6    Int:  5    God:
Gold:   61         SH:  5    Dex: 12    Spells: 3/3 levels left

rFire   . . .      SeeInvis .   a - +0 war axe
rCold   . . .      Faith    .   c - +1 buckler
rNeg    . . .      Spirit   .   g - +0 plate armour
rPois   .          Reflect  .   (helmet restricted)
rElec   .          Harm     .   (no cloak)
rCorr   .          Rampage  .   (no gloves)
Will    .....                   (no boots)
Stlth   ..........              (no amulet)
HPRegen 0.13/turn               (no ring)
MPRegen 0.08/turn               (no ring)

@: no status effects
A: horns 2, retaliatory headbutt
a: no special abilities


You were on level 3 of the Dungeon.
You visited 1 branch of the dungeon, and saw 3 of its levels.

You collected 61 gold pieces.

Inventory:

Hand Weapons
 a - a +0 war axe (weapon)
Armour
 b - a +0 scale mail
 c - a +1 buckler (worn)
 g - a +0 plate armour (worn)
Jewellery
 k - a ring of ice
Wands
 f - a wand of acid (13)
Scrolls
 l - a scroll of vulnerability {unknown}
Potions
 d - 3 potions of might
 e - a potion of attraction {unknown}
 h - a potion of curing
 i - a potion of resistance
 j - a potion of invisibility {unknown}
 m - a potion of brilliance {unknown}


   Skills:
 - Level 3.7 Fighting
 * Level 4.5 Axes
 + Level 4.6 Armour
 - Level 2.0 Dodging
 - Level 3.6 Shields


You had 3 spell levels left.
You didn't know any spells.
Your spell library was empty.

Dungeon Overview and Level Annotations

Branches:
Dungeon (3/15)

Altars:

Shops:
D:1 (

Annotations:
D:3 Sigmund


Innate Abilities, Weirdness & Mutations

You have a pair of horns on your head.
You reflexively headbutt those who attack you in melee.


Message History

The worm barely misses you.
You barely miss the worm. You headbutt the worm.
The worm is severely wounded.
You hit the worm. You headbutt the worm.
You kill the worm!
No target in view!
f - a wand of acid (13) (gained 4 charges)
You see here a +0 short sword.
Found an escape hatch in the ceiling.
You now have 57 gold pieces (gained 17).
You now have 61 gold pieces (gained 4).
m - a green potion Sigmund the Dreaded comes into view.
He is wielding a +1 scythe of protection, wearing a +2 robe of positive energy and carrying a wand of flame (8).
Sigmund shouts!
Sigmund mumbles some strange words.
Sigmund flickers and vanishes!
Deactivating autopickup; reactivate with Ctrl-A.
Something hits you but does no damage. Something hits you.
You barely miss something. Something hits you.
You barely miss something. Something hits you.
You barely miss something. Your headbutt misses something.
You closely miss something. Something hits you.
You slash something! Something hits you!
You barely miss something. Your headbutt misses something. Something hits you.
You hit something.
You hear a zap.
A puff of flame appears from out of thin air!
The puff of flame hits you!
* * * LOW HITPOINT WARNING * * *
You closely miss something.
You hear a zap.
A puff of flame appears from out of thin air!
The puff of flame hits you.
* * * LOW HITPOINT WARNING * * *
You barely miss something. You headbutt something.
You hear a zap.
A puff of flame appears from out of thin air!
The puff of flame hits you!
You die...

# #..##.#
#.##.##.#
#.......#
####.####
###.####
#......#
#.#.##.#####
#.#.##.#...#
# #.....@{.#
####.#......#
#.#######.#
!.# ####


There were no monsters in sight!

Vanquished Creatures
  An orc wizard (D:3)
  2 adders (D:2)
  3 worms
  2 dart slugs
  4 orcs (D:3)
  6 bats
  4 endoplasms (D:1)
  A giant cockroach (D:1)
  4 goblins
  6 hobgoblins
  2 quokkas
  3 ball pythons
  3 frilled lizards
  5 kobolds
  8 rats
54 creatures vanquished.

Vanquished Creatures (others)
  A fungus (D:1)
  5 plants (D:1)
6 creatures vanquished.

Grand Total: 60 creatures vanquished

Notes
Turn   | Place    | Note
-------+----------+-------------------------------------------
     0 | D:1      | crazypyro the Minotaur Fighter began the quest for the Orb.
     0 | D:1      | Reached XP level 1. HP: 19/19 MP: 0/0
   136 | D:1      | Found Tam Agel's Weapon Shoppe.
   190 | D:1      | Reached XP level 2. HP: 27/27 MP: 1/1
   462 | D:1      | Reached skill level 1 in Dodging
   570 | D:1      | Found a faded altar of an unknown god.
   591 | D:1      | Reached XP level 3. HP: 33/33 MP: 2/2
  1504 | D:2      | Reached XP level 4. HP: 26/40 MP: 3/3
  2162 | D:3      | Noticed Sigmund
  2174 | D:3      | Killed from afar by Sigmund

Illustrated notes

Levels and vault maps discovered:
D:1:      lightli_arrival_flooded_house, layout_loops_ring, serial_shops,
          shop_fountains, shapermc_ecumenical_altar_mp_ritualfount
D:2:      layout_basic, kennysheep_cluttered_room
D:3:      layout_loops_cross, uniq_sigmund, uniq_robin

Skill      XL: |  1  2  3  4 |
---------------+-------------+-----
Axes           | 3 4 |  4.5
Armour         | 4 |  4.6
Dodging        | 1 2 |  2.0
Fighting       | |  3.7
Shields        | |  3.6

Action                   |  1- 3 |  4- 6 || total
-------------------------+-------+-------++-------
Melee: War axe           |    83 |    40 ||   123
       Headbutt          |    10 |     8 ||    18
  Use: Scroll            |     4 |       ||     4
Armor: Scale mail        |    36 |       ||    36
       Plate armour      |     7 |     8 ||    15
Dodge: Dodged            |    46 |     3 ||    49
Block: Buckler           |    25 |     4 ||    29
